 Seeded DCSS version 0.28-a0-643-g84cb2ea78e (webtiles) character file.

Game seed: 13008754141345369978 (custom seed)

2083 cheechan the Nimble (level 9, 0/84 HPs)
             Began as a Troll Monk on Oct 10, 2021.
             Was a Follower of Lugonu.
             Succumbed to a11behringer's ghost's poison
             ... on level 7 of the Dungeon.
             The game lasted 00:17:25 (2940 turns).

cheechan the Nimble (Troll Monk)                    Turns: 2940, Time: 00:17:26

Health: 0/84       AC: 14    Str: 22    XL:     9   Next: 6%
Magic:  8/8        EV: 13    Int:  6    God:    Lugonu [*.....]
Gold:   127        SH:  5    Dex: 14    Spells: 8/8 levels left

rFire   . . .      SeeInvis .   p - +2 flail (protect)
rCold   . . .      Faith    .   (no shield)
rNeg    . . .      Spirit   .   a - +0 robe
rPois   .          Reflect  +   (helmet restricted)
rElec   .          Harm     .   b - +2 cloak {Stlth+}
rCorr   .          Rampage  .   (gloves unavailable)
Will    .....                   (boots unavailable)
Stlth   +++.......              h - amulet of reflection
HPRegen 1.24/turn               (no ring)
MPRegen 0.11/turn               (no ring)

@: mighty, lethally poisoned (0 -> -8), under a protective aura, studying
Dodging
A: large, unfitting armour, claws 3, regeneration 1, shaggy fur 1, tough skin 1,
inability to read while threatened
a: Renounce Religion, Depart the Abyss


You were on level 7 of the Dungeon.
You worshipped Lugonu.
Lugonu was aware of your devotion.
You visited 2 branches of the dungeon, and saw 8 of its levels.

You collected 127 gold pieces.

Inventory:

Hand Weapons
 i - a +2 dagger of venom
 k - a +0 hunting sling of flaming
 p - a +2 flail of protection (weapon)
 s - a +2 whip of freezing
 t - the +6 quarterstaff of Perversion {flame, rCorr Str+3 Dex+4}
   (You found it on level 6 of the Dungeon)

   It burns those it strikes, dealing additional fire damage.
   Str:       It affects your strength (+3).
   Dex:       It affects your dexterity (+4).
   rCorr:     It protects you from acid and corrosion.
 v - a +0 giant spiked club
 x - a +1 dagger of speed
Missiles
 c - 8 boomerangs (quivered)
 f - 37 arrows
 g - 151 stones
 l - 33 sling bullets
 n - 2 throwing nets
 r - 15 bolts
 w - 5 javelins
Armour
 a - a +0 robe (worn)
 b - a +2 cloak of stealth (worn)
Jewellery
 d - an amulet of guardian spirit
 h - an amulet of reflection (around neck)
 q - an amulet of magic regeneration
Wands
 o - a wand of charming (14)
Scrolls
 e - 3 scrolls of teleportation
Potions
 j - a potion of brilliance
 m - a potion of might
 u - a potion of berserk rage {unknown}


   Skills:
 + Level 3.9 Fighting
 + Level 3.2 Maces & Flails
 * Level 8.0 Dodging
 + Level 2.7 Stealth
 + Level 2.6 Shields
 + Level 6.9 Unarmed Combat


You had 8 spell levels left.
You didn't know any spells.
Your spell library contained the following spells:

 Spells                   Type           Power      Damage    Failure   Level
 Animate Skeleton         Necr           0%         N/A       45%         1
 Apportation              Tloc           0%         N/A       45%         1
 Summon Small Mammal      Summ           0%         N/A       45%         1
 Ensorcelled Hibernation  Hex/Ice        0%         N/A       58%         2
 Gell's Gravitas          Tloc           0%         N/A       83%         3
 Spider Form              Tmut/Pois      0%         N/A       83%         3
 Teleport Other           Tloc           0%         N/A       83%         3
 Dispersal                Tloc           0%         N/A       100%        6


Dungeon Overview and Level Annotations

Branches:
Dungeon (7/15)             Temple (1/1) D:6

Altars:
Dithmenos
Elyvilon
Kikubaaqudgha
Okawaru
Qazlal
Vehumet
Wu Jian
Zin
The Shining One
Lugonu

Annotations:
D:7 a11behringer's ghost, novice PaBe


Innate Abilities, Weirdness & Mutations

You are too large for most types of armour.
You have claws for hands.
Your natural rate of healing is unusually fast.
You are covered in fur. (AC +1)
You have tough skin. (AC +1)
You sometimes lose the ability to read scrolls when taking damage.


Message History

Something barely misses you. A11behringer's ghost hits you.
You are more poisoned.
Something hits you but does no damage.
You sock something!
You feel extremely sick.
You block a11behringer's ghost's attack.
Something hits you but does no damage.
You closely miss something.
You feel extremely sick.
A11behringer's ghost completely misses you.
Something hits you but does no damage.
You miss something.
You feel very sick. A11behringer's ghost hits you.
You are more poisoned.
Something hits you but does no damage.
You block a11behringer's ghost's attack.
You hit a11behringer's ghost.
A11behringer's ghost is moderately damaged.
You feel extremely sick. Something hits you but does no damage.
A11behringer's ghost hits you.
* * * LOW HITPOINT WARNING * * *
You are more poisoned.
Something hits you.
* * * LOW HITPOINT WARNING * * *
Something shocks you.
* * * LOW HITPOINT WARNING * * *
You hit a11behringer's ghost.
A11behringer's ghost is moderately damaged.
* * * LOW HITPOINT WARNING * * *
You feel extremely sick.
A11behringer's ghost closely misses you.
Something hits you but does no damage.
You hit a11behringer's ghost.
A11behringer's ghost is heavily damaged.
* * * LOW HITPOINT WARNING * * *
You feel very sick.
A11behringer's ghost closely misses you.
Something hits you but does no damage.
You die...

###...........
##..........
#...#######
##..#......
####...#..###.
#......'..###$.
#......W.....?.
#......){.###(
#.....@#..###.
#......#......
#......#######
#..............
#..............
#........######
##########


You could see a11behringer's ghost.

Vanquished Creatures
  Pikel (D:5)
  A wraith (D:5)
  3 water moccasins
  An ice beast (D:6)
  A black bear (D:6)
  2 ogres
  A necrophage (D:6)
  A phantom (D:6)
  A bullfrog (D:6)
  A scorpion (D:4)
  A wyvern skeleton (D:5)
  A howler monkey (D:5)
  A centaur zombie (D:6)
  2 jellies
  2 centaur skeletons (D:6)
  A bullfrog skeleton (D:5)
  2 iguanas
  An orc wizard (D:6)
  A killer bee zombie (D:7)
  2 howler monkey zombies
  A gnoll (D:1)
  4 adders
  2 worms
  14 orcs
  4 ball pythons
  4 endoplasms
  3 giant cockroaches
  7 goblins
  4 hobgoblins
  6 kobolds
  2 quokkas
  2 bats
  2 frilled lizards
  4 rats
86 creatures vanquished.

Vanquished Creatures (others)
  5 plants (D:1)
5 creatures vanquished.

Grand Total: 91 creatures vanquished

Notes
Turn   | Place    | Note
-------+----------+-------------------------------------------
     0 | D:1      | cheechan the Troll Monk began the quest for the Orb.
     0 | D:1      | Reached XP level 1. HP: 22/22 MP: 0/0
    17 | D:1      | Identified a scroll of acquirement
    17 | D:1      | Acquired a +2 cloak of stealth
   109 | D:1      | Reached XP level 2. HP: 17/29 MP: 1/1
   226 | D:1      | Found a faded altar of an unknown god.
   236 | D:1      | Prayed at the altar of an unknown god.
   236 | D:1      | Became a worshipper of Dithmenos the Shadowed
   236 | D:1      | Reached * piety under Dithmenos
   236 | D:1      | Reached ** piety under Dithmenos
   571 | D:2      | Reached *** piety under Dithmenos
   591 | D:2      | Reached XP level 3. HP: 36/36 MP: 2/2
   600 | D:2      | Gained mutation: Armour fits poorly on your strangely
                  | shaped body. [potion of mutation]
   600 | D:2      | Gained mutation: You have a pair of small antennae on your
                  | head. [potion of mutation]
   699 | D:2      | Reached skill level 3 in Dodging
   914 | D:2      | Reached XP level 4. HP: 43/44 MP: 3/3
   996 | D:2      | Acquired a manual of Dodging
  1684 | D:3      | Found a glowing silver altar of Zin.
  1686 | D:3      | Found a white marble altar of Elyvilon.
  1687 | D:3      | Found a glowing golden altar of the Shining One.
  1713 | D:4      | Noticed a scorpion
  1728 | D:4      | Killed a scorpion
  1729 | D:4      | Reached XP level 5. HP: 26/50 MP: 4/4
  1780 | D:4      | Lost mutation: You have a pair of small antennae on your
                  | head. [potion of mutation]
  1780 | D:4      | Lost mutation: Armour fits poorly on your strangely shaped
                  | body. [potion of mutation]
  1780 | D:4      | Gained mutation: You sometimes lose the ability to read
                  | scrolls when taking damage. [potion of mutation]
  1842 | D:4      | Reached **** piety under Dithmenos
  1868 | D:5      | Entered Level 5 of the Dungeon
  2017 | D:5      | Noticed a wraith
  2028 | D:5      | Noticed an ogre
  2036 | D:5      | Killed an ogre
  2037 | D:5      | Reached skill level 4 in Dodging
  2037 | D:5      | Reached XP level 6. HP: 32/59 MP: 5/5
  2037 | D:5      | Killed a wraith
  2038 | D:5      | Reached skill level 1 in Shields
  2038 | D:5      | Reached skill level 5 in Unarmed Combat
  2049 | D:5      | Reached XP level 7. HP: 40/66 MP: 6/6
  2190 | D:5      | Noticed Pikel
  2237 | D:5      | Killed Pikel
  2238 | D:5      | Reached skill level 6 in Dodging
  2238 | D:5      | Reached XP level 8. HP: 12/75 MP: 7/7
  2324 | D:6      | Identified the +6 quarterstaff of Perversion {flame, rCorr
                  | Str+3 Dex+4}
  2414 | D:6      | Reached skill level 1 in Maces & Flails
  2423 | D:6      | Reached skill level 7 in Dodging
  2591 | D:6      | Found a staircase to the Ecumenical Temple.
  2671 | Temple   | Entered the Ecumenical Temple
  2691 | Temple   | Fell from the grace of Dithmenos
  2691 | Temple   | Became a worshipper of Lugonu the Unformed
  2691 | Temple   | Reached * piety under Lugonu
  2888 | D:7      | Found a runed translucent gate.
  2890 | D:7      | Found a runed translucent gate.
  2892 | D:7      | Found a runed translucent gate.
  2893 | D:7      | Noticed a11behringer's ghost (novice PaBe)
  2925 | D:7      | Reached XP level 9. HP: 84/84 MP: 8/8
  2929 | D:7      | Reached skill level 8 in Dodging
  2939 | D:7      | HP: 3/84 [poisoned by a11behringer's ghost]
  2940 | D:7      | Succumbed to a11behringer's ghost's poison

Illustrated notes

Levels and vault maps discovered:
D:1:      dpeg_arrival_three_smaller_balls, layout_basic, serial_forest,
          infiniplex_forest_clump_long, infiniplex_forest_clump_diagonal,
          infiniplex_forest_clump_C, infiniplex_forest_end_2,
          infiniplex_forest_clump_large, infiniplex_forest_clump_long,
          infiniplex_forest_end_1, ebering_ecumenical_altar_box
D:2:      layout_rooms
D:3:      layout_loops_corners, good_gods_temple_1
D:4:      black_bear_nest_2, layout_loops_cross, nicolae_overflow_crystal_walls,
          ebering_ghost_reflecting_pool, uniq_grinder
D:5:      layout_cave_pods, chequers_serial_rivers_micro_d, uniq_pikel
D:6:      layout_rooms, minmay_temple_entry_large_hall,
          kennysheep_generic_room_14
D:7:      layout_rooms, mainiacjoe_overflow_tiny_flanked,
          chequers_temple_overflow_statue_of_worship, gammafunk_ghost_split,
          dk_rats_in_the_wall, uniq_crazy_yiuf_cottage
Temple:   corrupted_temple

Skill      XL: |  1  2  3  4  5  6  7  8  9 |
---------------+----------------------------+-----
Dodging        | 3 4 6 7 8 |  8.0
Unarmed Combat | 4 5 6 |  6.9
Stealth        | 2 |  2.7
Shields        | 1 2 |  2.6
Fighting       | 3 |  3.9
Maces & Flails | 3 |  3.2

Action                   |  1- 3 |  4- 6 |  7- 9 || total
-------------------------+-------+-------+-------++-------
Melee: Unarmed           |   108 |    96 |    28 ||   232
       Punch             |     1 |     1 |     8 ||    10
       Flail             |       |       |   131 ||   131
  Use: Scroll            |     5 |     6 |     2 ||    13
       Potion            |     1 |     1 |     1 ||     3
 Stab: Sleeping          |     4 |     5 |       ||     9
       Distracted        |       |     1 |       ||     1
Armor: Robe              |    36 |    23 |   117 ||   176
Dodge: Dodged            |    33 |    52 |   133 ||   218
Block: Other             |    18 |    24 |    54 ||    96
       Reflection        |     2 |       |       ||     2

Table legend: (Time is in decaauts)
 A = Elapsed time spent in this place.
 B = Non-inter-level travel time spent in this place.
 C = Inter-level travel time spent in this place.
 D = Time resting spent in this place.
 E = Time spent auto-exploring this place.
 F = Levels seen in this place.
 G = Mean time per level.
                   A        B        C        D        E       F      G
               +--------+--------+--------+--------+--------+-----+--------+
         Total |   2977 |   2977 |      0 |    102 |      0 |   8 |  372.1 |
       Dungeon |   2942 |   2942 |      0 |    102 |      0 |   7 |  420.3 |
        Temple |     34 |     34 |      0 |      0 |      0 |   1 |   34.0 |
               +--------+--------+--------+--------+--------+-----+--------+

Top non-repeatable levels by time:
     D:3: 624 daAuts
     D:2: 575 daAuts
     D:6: 537 daAuts
     D:1: 504 daAuts
     D:5: 461 daAuts
     D:4: 152 daAuts
     D:7: 86 daAuts
  Temple: 34 daAuts
